 Dungeon Crawl Stone Soup version 0.25.1-2-g60ff931df9 (webtiles) character file.

Game seed: 4730087193340041071

69 KyoPewz the Conjurer (level 4, -1/24 HPs)
             Began as a Deep Elf Conjurer on Oct 13, 2020.
             Shot with an arrow by a centaur (10 damage)
             ... on level 2 of the Dungeon.
             The game lasted 00:04:05 (1676 turns).

KyoPewz the Conjurer (Deep Elf Conjurer)            Turns: 1676, Time: 00:04:05

Health: -1/24      AC:  2    Str:  5    XL:     4   Next: 2%
Magic:  12/12      EV: 13    Int: 21    God:
Gold:   86         SH:  0    Dex: 15    Spells: 1/11 levels left

rFire    . . .     SeeInvis .   b - +0 short sword
rCold    . . .     Gourm    .   (no shield)
rNeg     . . .     Faith    .   a - +0 robe
rPois    .         Spirit   .   (no helmet)
rElec    .         Reflect  .   (no cloak)
rCorr    .         Harm     .   (no gloves)
MR       .....                  (no boots)
Stlth    ++........             (no amulet)
HPRegen  0.08/turn              (no ring)
MPRegen  0.13/turn              (no ring)

@: no status effects
A: no striking features
a: no special abilities


You were on level 2 of the Dungeon.
You were not hungry.

You visited 1 branch of the dungeon, and saw 2 of its levels.

You collected 86 gold pieces.

Inventory:

Hand Weapons
 b - a +0 short sword (weapon)
   (You took it off a kobold on level 1 of the Dungeon)
Armour
 a - a +0 robe (worn)
Jewellery
 i - an uncursed ring of ice {unknown}
   (You found it on level 1 of the Dungeon)
Scrolls
 f - a scroll of identify {unknown}
 h - 2 scrolls of teleportation {unknown}
 k - a scroll of enchant armour {unknown}
Potions
 c - a potion of curing {unknown}
 d - a potion of brilliance {unknown}
 g - a potion of lignification {unknown}
 j - a potion of heal wounds {unknown}
Comestibles
 e - 2 rations {!d}
 l - 3 chunks of flesh


   Skills:
 - Level 2.4 Dodging
 - Level 2.4 Stealth
 + Level 4.1 Spellcasting
 * Level 5.5 Conjurations
 + Level 0.7 Hexes


You had one spell level left.
You knew the following spells:

 Your Spells              Type           Power        Failure   Level  Hunger
a - Magic Dart            Conj           ####         1%          1    None
b - Dazzling Flash        Conj/Hex       ###...       10%         3    ###....
s - Searing Ray           Conj           ####..       1%          2    #......
x - Iskenderun's Mystic   Conj/Tloc      ###.....     36%         4    ####...

Your spell library contained the following spells:

 Spells                   Type           Power        Failure   Level  Hunger
 Fulminant Prism          Conj/Hex       ###.......   32%         4    ####...


Dungeon Overview and Level Annotations

Branches:
Dungeon (2/15)

Altars:


Message History

You see here a frilled lizard skeleton. x2
The orc is too close now for your liking.
An orc is nearby!
Aim: an orc, wielding a -2 flail (wandering, hasn't noticed you)
You miscast Magic Dart.
You are very lightly contaminated with residual magic.
Nothing appears to happen.
The orc shouts!
Aim: an orc, wielding a -2 flail The magic dart hits the orc.
Aim: an orc, wielding a -2 flail (lightly wounded)
The magic dart hits the orc.
Aim: an orc, wielding a -2 flail (almost dead)
The magic dart hits the orc.
You kill the orc!
You have reached level 4!
You feel clever.
Aim: a rat The magic dart hits the rat!
You kill the rat!
You can't see any susceptible monsters within range! (Use Z to cast anyway.)
Your magical contamination has completely faded away.
Things that are here:
a cursed -2 flail; an orc corpse You butcher the orc corpse.
l - 2 chunks of flesh (gained 1)
Things that are here:
a cursed -2 flail; an orc skeleton
Things that are here:
a cursed -2 flail; an orc skeleton
Found a long sword.
This spell is potentially lethal to cast!
Memorise Iskenderun's Mystic Blast, consuming 4 spell levels and leaving 1?
You start memorising the spell.
You continue memorising. x4
You finish memorising.
Spell assigned to 'x'.
You butcher the rat corpse.
l - 3 chunks of flesh (gained 1)
You see here a rat skeleton. x2
Found a stone staircase leading down.
Found a scroll labeled WUTEUF BACIB.
A jackal comes into view.
A centaur comes into view.
The centaur wields a +0 shortbow.
The centaur shoots an arrow.
The arrow hits you!
Ouch! That really hurt!
* * * LOW HITPOINT WARNING * * *
You hear a bark!
You see here an arrow.
The centaur shoots an arrow.
The arrow hits you!
You die...

≈≈≈≈...................
.........####...........
.≈≈≈≈....######......##÷
.≈≈≈≈................##.
.≈≈≈≈....#######.....##.
?≈≈≈≈.........##÷....##.
.≈≈≈≈.....÷....).....##.
...................####.
##..##@#............##.
#(#.###........'..
#.#.########...###
#....# ##### #....#
#.)........ ##.....####
#c>...# ..#####


You could see a centaur.

Vanquished Creatures
  An adder (D:2)
  An adder zombie (D:2)
  An ooze (D:1)
  A worm (D:2)
  3 dart slugs
  3 orcs (D:2)
  3 giant cockroaches (D:1)
  5 goblins
  6 hobgoblins (D:1)
  3 jackals (D:2)
  4 kobolds
  3 bats
  3 frilled lizards
  2 rats
39 creatures vanquished.

Notes
Turn   | Place    | Note
-------+----------+-------------------------------------------
     0 | D:1      | KyoPewz the Deep Elf Conjurer began the quest for the Orb.
     0 | D:1      | Reached XP level 1. HP: 10/10 MP: 6/6
   173 | D:1      | Reached XP level 2. HP: 15/15 MP: 1/8
   405 | D:1      | Reached skill level 5 in Conjurations
   409 | D:1      | Learned a level 2 spell: Searing Ray
   590 | D:1      | Reached XP level 3. HP: 19/19 MP: 6/10
  1364 | D:2      | Learned a level 3 spell: Dazzling Flash
  1608 | D:2      | Reached XP level 4. HP: 24/24 MP: 7/12
  1662 | D:2      | Learned a level 4 spell: Iskenderun's Mystic Blast
  1671 | D:2      | Noticed a centaur
  1676 | D:2      | Shot with an arrow by a centaur

Illustrated notes

Levels and vault maps discovered:
D:1:      minmay_arrival_shattered_statue, layout_basic
D:2:      layout_basic, minivault_14, minmay_tetromino_t2

Skill      XL: |  1  2  3 |
---------------+----------+-----
Conjurations   | 5 |  5.5
Spellcasting   | 4 |  4.1
Dodging        | |  2.4
Stealth        | |  2.4
Hexes          | |  0.7

Action                   |  1- 3 |  4- 6 || total
-------------------------+-------+-------++-------
 Cast: Magic Dart        |    84 |     2 ||    86
  Eat: Chunk             |     2 |       ||     2
Armor: Robe              |     1 |       ||     1
Dodge: Dodged            |     4 |       ||     4
